[Event "Titled Tuesday Blitz August 15 Early 2023"]
[White "Postlmayer, Jakob"]
[Black "Wong, Yinn Long"]
[WhiteFideId "1643622"]
[BlackFideId "5707684"]
[WhiteElo "2555"]
[BlackElo "2722"]
[Result "0-1"]
[Round "11"]
[TimeControl "180+1"]
[Date "2023.08.15"]
[WhiteClock "0:00:19"]
[BlackClock "0:00:57"]
[Board "41"]

1. d4 Nf6 2. Bg5 d5 3. e3 c5 4. Bxf6 gxf6 5. c3 Nc6 6. Nf3 e6 7. g3 Qb6 8. Qb3 Bd7 9. Nbd2 h5 10. Bg2 Na5 11. Qc2 Bb5 12. dxc5 Qc7 13. Nd4 Bd7 14. b4 Nc6 15. h4 e5 16. Nb5 Qc8 17. Bxd5 Nxb4 18. cxb4 Bxb5 19. Ne4 Be7 20. Qb3 Qg4 21. Nc3 Bd3 22. Bxf7+ Kf8 23. Be6 Qf3 24. Bd5 e4 25. Rh2 Rb8 26. Rd1 Qf5 27. Bc4 Rd8 28. Bxd3 exd3 29. Kd2 Rg8 30. Re1 Rg4 31. e4 Qe5 32. Re3 Qd4 33. Rh1 a5 34. a3 axb4 35. axb4 Ra8 36. Rf1 Rd8 37. Rd1 b6 38. Nb5 Qe5 39. Rxd3 Rxe4 40. Rd7 Rxd7+ 0-1


[Site "https://www.chess.com"]

[Event "Titled Tuesday Blitz August 15 Early 2023"]
[White "Kushko, Dmitriy"]
[Black "Karamsetty, Jeevan"]
[WhiteFideId "14162261"]
[BlackFideId "2025337"]
[WhiteElo "2696"]
[BlackElo "2550"]
[Result "1-0"]
[Round "11"]
[TimeControl "180+1"]
[Date "2023.08.15"]
[WhiteClock "0:01:53"]
[BlackClock "0:01:12"]
[Board "42"]

1. Nf3 g6 2. e4 Bg7 3. d4 d6 4. Nc3 Nf6 5. Be3 a6 6. Qd2 b5 7. Bh6 O-O 8. Bxg7 Kxg7 9. O-O-O b4 10. e5 bxc3 11. exf6+ exf6 12. Qxc3 Bg4 13. h3 Bxf3 14. Qxf3 Nd7 15. h4 Rb8 16. h5 Qc8 17. hxg6 fxg6 18. Bd3 Qb7 19. Rxh7+ Kg8 20. Qxb7 Rxb7 21. Rxd7 1-0


[Site "https://www.chess.com"]

[Event "Titled Tuesday Blitz August 15 Early 2023"]
[White "Prohaszka, Peter"]
[Black "Mogirzan, Matei-Valeriu"]
[WhiteFideId "726265"]
[BlackFideId "1257455"]
[WhiteElo "2688"]
[BlackElo "2545"]
[Result "0-1"]
[Round "11"]
[TimeControl "180+1"]
[Date "2023.08.15"]
[WhiteClock "0:00:26"]
[BlackClock "0:00:16"]
[Board "43"]

1. e4 d6 2. d4 a6 3. a4 g6 4. Nc3 Bg7 5. h4 h6 6. h5 g5 7. f4 gxf4 8. Bxf4 c5 9. dxc5 Qa5 10. cxd6 Bxc3+ 11. bxc3 Qxc3+ 12. Bd2 Qg3+ 13. Ke2 Nc6 14. Nf3 Bg4 15. Bc3 Nf6 16. Qd3 O-O-O 17. Qe3 Rxd6 18. Be1 Qe5 19. Kf2 Qxa1 20. e5 Bxf3 21. exf6 Bd5 22. Bc3 Qxa4 23. g3 Qxc2+ 24. Kg1 Bxh1 25. fxe7 Re8 26. Bh3+ f5 27. Qc5 Rd1+ 28. Bf1 Qg2# 0-1


[Site "https://www.chess.com"]

[Event "Titled Tuesday Blitz August 15 Early 2023"]
[White "Ordekalog"]
[Black "Maltsevskaya, Aleksandra"]
[BlackFideId "24174041"]
[WhiteElo "2549"]
[BlackElo "2673"]
[Result "1-0"]
[Round "11"]
[TimeControl "180+1"]
[Date "2023.08.15"]
[WhiteClock "0:00:41"]
[BlackClock "0:00:01"]
[Board "44"]

1. e4 c5 2. d3 e6 3. g3 d5 4. exd5 exd5 5. Bg2 Nf6 6. Ne2 Be7 7. O-O O-O 8. Nbc3 Nc6 9. Nf4 d4 10. Ncd5 Nxd5 11. Nxd5 Be6 12. Nxe7+ Qxe7 13. Qh5 f5 14. Re1 Qd7 15. Bf4 Bd5 16. a3 h6 17. Re2 Kh7 18. Bxd5 Qxd5 19. Rae1 Rf6 20. b3 a5 21. a4 Raf8 22. Re8 Nb4 23. R8e5 Qc6 24. R1e2 Nd5 25. Bg5 Rg6 26. Bd2 Qd7 27. Qf3 Rd6 28. h4 b6 29. h5 Rf7 30. Re1 Nc7 31. Bf4 Ne6 32. R5e2 Nxf4 33. Qxf4 Rdf6 34. Re8 b5 35. axb5 Qxb5 36. Rb8 Qd7 37. Ree8 1-0


[Site "https://www.chess.com"]

[Event "Titled Tuesday Blitz August 15 Early 2023"]
[White "Lehtosaari, Mauri"]
[Black "Haug, Havard"]
[WhiteFideId "501999"]
[BlackFideId "1547887"]
[WhiteElo "2533"]
[BlackElo "2660"]
[Result "1/2-1/2"]
[Round "11"]
[TimeControl "180+1"]
[Date "2023.08.15"]
[WhiteClock "0:00:08"]
[BlackClock "0:00:01"]
[Board "45"]

1. d4 d5 2. Nf3 Nf6 3. Bg5 Ne4 4. Bf4 c5 5. e3 Nc6 6. c3 e6 7. Nbd2 Nxd2 8. Qxd2 Bd6 9. Bxd6 Qxd6 10. Bb5 O-O 11. O-O Bd7 12. a4 a6 13. Bxc6 Bxc6 14. Ne5 f6 15. Nxc6 Qxc6 16. b4 b6 17. Rfb1 Rfc8 18. h3 cxd4 19. cxd4 Qc2 20. Qe1 Qd3 21. Rd1 Qc3 22. Rac1 Qb3 23. a5 bxa5 24. bxa5 Rc2 25. Rxc2 Qxc2 26. Rc1 Qd3 27. Qb4 Qb5 28. Qe7 Re8 29. Qc7 h6 30. h4 e5 31. Qa7 exd4 32. Qxd4 Re4 33. Qb6 Rc4 34. Rxc4 Qxc4 35. g3 Kh7 36. Qd8 Qd3 37. Kg2 Qe4+ 38. Kg1 Qb1+ 39. Kg2 Qd3 40. Kg1 h5 41. Kg2 Qe4+ 42. Kg1 Qe5 43. Kg2 Qe4+ 44. Kg1 Qb1+ 45. Kg2 Qe4+ 1/2-1/2


[Site "https://www.chess.com"]

[Event "Titled Tuesday Blitz August 15 Early 2023"]
[White "Reprintsev, Alexander"]
[Black "Huschenbeth, Niclas"]
[WhiteFideId "14100541"]
[BlackFideId "24604747"]
[WhiteElo "2506"]
[BlackElo "2655"]
[Result "0-1"]
[Round "11"]
[TimeControl "180+1"]
[Date "2023.08.15"]
[WhiteClock "0:00:09"]
[BlackClock "0:00:14"]
[Board "46"]

1. e4 c5 2. b3 g6 3. Bb2 Nf6 4. e5 Nd5 5. Nc3 Nxc3 6. dxc3 Bg7 7. Qd5 Nc6 8. Nf3 Qc7 9. Qxc5 b6 10. Qc4 Qb8 11. O-O-O Nxe5 12. Nxe5 Bxe5 13. h4 h5 14. Bd3 Bb7 15. f3 Bg3 16. Be4 Bxe4 17. fxe4 Qc7 18. Qd5 Qc6 19. Qd3 Be5 20. Kb1 d6 21. c4 Bxb2 22. Kxb2 Qc5 23. a3 Qe5+ 24. Ka2 a6 25. g3 b5 26. Rhe1 O-O 27. Re3 bxc4 28. Qxc4 Rfc8 29. Qd3 a5 30. c4 Rc5 31. Qd4 Qe6 32. Rc3 Rac8 33. Rdc1 Re5 34. Re1 Qg4 35. Ree3 f5 36. Qa7 fxe4 37. Qd7 Qxd7 0-1


[Site "https://www.chess.com"]

[Event "Titled Tuesday Blitz August 15 Early 2023"]
[White "RrainlessBobot"]
[Black "SmirnovAlexandrA"]
[WhiteElo "2503"]
[BlackElo "2649"]
[Result "1-0"]
[Round "11"]
[TimeControl "180+1"]
[Date "2023.08.15"]
[WhiteClock "0:00:48"]
[BlackClock "0:00:04"]
[Board "47"]

1. Nf3 c5 2. g3 d6 3. Bg2 Nc6 4. O-O g6 5. d4 cxd4 6. Nxd4 Bd7 7. c4 Bg7 8. Nxc6 Bxc6 9. e4 Nf6 10. Nc3 O-O 11. Qd3 Ng4 12. b3 a5 13. Bb2 a4 14. Nxa4 Bxa4 15. Bxg7 Kxg7 16. bxa4 Ne5 17. Qb3 Qc7 18. Rfc1 Rfb8 19. Rab1 Qa5 20. f4 Nd7 21. e5 dxe5 22. c5 Nxc5 23. Qd5 Ne6 24. Rb5 Qxa4 25. Qxe5+ Kg8 26. Bxb7 Qd4+ 27. Qxd4 Nxd4 28. Bxa8 Rxb5 29. Rc8+ Kg7 30. a4 Ra5 31. Rc4 Ne2+ 32. Kf2 Nxg3 33. hxg3 Rxa8 34. Ke3 Ra5 35. Kd3 Kf6 36. Kc3 e5 37. Kb4 Ra7 38. Kb5 exf4 39. Rxf4+ Kg5 40. Kb6 Ra8 41. a5 Rb8+ 42. Kc7 Ra8 43. Kb6 Rb8+ 44. Kc7 Ra8 45. Ra4 f5 46. a6 f4 47. Kb7 Rxa6 48. gxf4+ Kf5 49. Kxa6 h5 50. Kb5 h4 51. Kc4 Kxf4 52. Kd3+ Kg3 53. Ke2 g5 54. Kf1 g4 55. Kg1 h3 56. Ra3+ Kf4 57. Kh2 Kf5 58. Kg3 Kg5 59. Ra5+ 1-0


[Site "https://www.chess.com"]

[Event "Titled Tuesday Blitz August 15 Early 2023"]
[White "Itkis, Boris"]
[Black "Arias, Juan Cruz"]
[WhiteFideId "1209167"]
[BlackFideId "118540"]
[WhiteElo "2488"]
[BlackElo "2649"]
[Result "0-1"]
[Round "11"]
[TimeControl "180+1"]
[Date "2023.08.15"]
[WhiteClock "0:01:00"]
[BlackClock "0:01:43"]
[Board "48"]

1. c4 e6 2. Nf3 d5 3. b3 d4 4. e3 Nc6 5. Bb2 Bc5 6. b4 Bxb4 7. exd4 Nf6 8. a3 Be7 9. g3 O-O 10. Bg2 Na5 11. d3 b6 12. Ne5 Bb7 13. O-O Bxg2 14. Kxg2 Qc8 15. Nd2 Nd7 16. Nb3 Nxe5 17. dxe5 Qb7+ 18. f3 Nxb3 19. Qxb3 c5 20. Rae1 Rad8 21. Re3 Rd7 22. Kf2 Rfd8 23. Ke2 Bg5 24. f4 Be7 25. h4 h5 26. Rf2 Qh1 27. Bc3 Qg1 28. Be1 Qh1 29. a4 Qc6 30. Qb5 Qc7 31. a5 Rb8 32. a6 Rbd8 33. Rff3 Qc8 34. Bf2 Qa8 35. Kd2 f6 36. exf6 Bxf6 37. Kc2 Bd4 38. Re4 Bxf2 39. Rxf2 Rxd3 40. Rfe2 Rd2+ 41. Kc1 Rxe2 42. Rxe2 Qh1+ 43. Kc2 Qd1+ 0-1


[Site "https://www.chess.com"]

[Event "Titled Tuesday Blitz August 15 Early 2023"]
[White "Dias, Paulo"]
[Black "Goltsev, Dmitry"]
[WhiteFideId "1900803"]
[BlackFideId "24176710"]
[WhiteElo "2500"]
[BlackElo "2648"]
[Result "1/2-1/2"]
[Round "11"]
[TimeControl "180+1"]
[Date "2023.08.15"]
[WhiteClock "0:00:17"]
[BlackClock "0:00:11"]
[Board "49"]

1. e4 e6 2. d4 d5 3. exd5 exd5 4. Bd3 c5 5. dxc5 Bxc5 6. Nf3 Nf6 7. O-O O-O 8. Bg5 Bg4 9. h3 Bh5 10. Nbd2 Qd6 11. Nb3 Bb6 12. c3 h6 13. Bxf6 Qxf6 14. g4 Bg6 15. Nfd4 Nc6 16. Bxg6 fxg6 17. a4 Qf4 18. Qd3 Rae8 19. Qg3 Bxd4 20. cxd4 Nxd4 21. Nxd4 Qxd4 22. Rad1 Qxa4 23. Rxd5 Qe4 24. Rfd1 Rf3 25. Qg2 Kh7 26. Rd7 Qf4 27. Rxb7 Re2 28. Rf1 a5 29. Rb5 a4 30. Rb7 Qe4 31. Rb6 h5 32. gxh5 gxh5 33. Rb4 Qd5 34. Rxa4 Qf5 35. Ra5 Qxh3 36. Qxh3 Rxh3 37. Kg2 Rh4 38. Kg3 Rg4+ 39. Kf3 Ree4 40. Rxh5+ Kg6 41. Rd5 Rgf4+ 42. Kg3 Rg4+ 43. Kf3 Rgf4+ 44. Kg3 Rg4+ 45. Kf3 1/2-1/2


[Site "https://www.chess.com"]

[Event "Titled Tuesday Blitz August 15 Early 2023"]
[White "Eynullayev, Atilla"]
[Black "Molenda, Marcin"]
[WhiteFideId "13413570"]
[BlackFideId "1173065"]
[WhiteElo "2639"]
[BlackElo "2486"]
[Result "1-0"]
[Round "11"]
[TimeControl "180+1"]
[Date "2023.08.15"]
[WhiteClock "0:00:09"]
[BlackClock "0:01:10"]
[Board "50"]

1. d4 Nf6 2. c4 e6 3. Nc3 d5 4. cxd5 exd5 5. Bg5 c6 6. e3 Be7 7. Bd3 Nbd7 8. Qc2 O-O 9. Nf3 Re8 10. O-O Ne4 11. Bxe4 dxe4 12. Nxe4 h6 13. Bxe7 Qxe7 14. Ng3 Nf6 15. Ne5 Be6 16. b3 Rad8 17. Rac1 Bd5 18. Qc5 Qc7 19. Rc2 h5 20. h4 g6 21. b4 a6 22. a4 Bb3 23. Rcc1 Bxa4 24. f4 Bb5 25. Rf3 a5 26. f5 Rd5 27. Qc3 Kg7 28. fxg6 axb4 29. Qc2 b3 30. Qb1 Rexe5 31. dxe5 Ng4 32. Rxf7+ Qxf7 33. gxf7 Rxe5 34. Qxb3 Rxe3 35. Qb2+ Kxf7 36. Nf5 Re2 37. Qg7+ Ke8 38. Nd6+ Kd8 39. Nxb7+ Ke8 40. Nd6+ Kd8 41. Ra1 Re7 42. Ra8+ Kd7 43. Ra7+ Kxd6 44. Qxe7+ Kd5 45. Rd7+ Kc4 46. Qe6+ Kb4 47. Qf5 c5 48. Rb7 c4 49. Qxb5+ 1-0


[Site "https://www.chess.com"]

[Event "Titled Tuesday Blitz August 15 Early 2023"]
[White "Bueno, Alfeu Junior Varela"]
[Black "Sipila, Vilka"]
[WhiteFideId "2108879"]
[BlackFideId "505455"]
[WhiteElo "2464"]
[BlackElo "2635"]
[Result "0-1"]
[Round "11"]
[TimeControl "180+1"]
[Date "2023.08.15"]
[WhiteClock "0:00:01"]
[BlackClock "0:00:53"]
[Board "51"]

1. e4 e5 2. Nc3 Nf6 3. f4 d5 4. fxe5 Nxe4 5. Qf3 Nc6 6. Bb5 Be6 7. Bxc6+ bxc6 8. Nxe4 dxe4 9. Qxe4 Bd5 10. Qg4 h5 11. Qg3 Qd7 12. Nf3 Bc5 13. c3 h4 14. Qf4 h3 15. d4 hxg2 16. Rg1 Be7 17. Be3 Rh3 18. Ng5 Bxg5 19. Qxg5 f6 20. exf6 gxf6 21. Qg6+ Bf7 22. Qe4+ Kf8 23. O-O-O Re8 24. Qf4 Rexe3 25. Rxg2 Qd6 26. Qg4 Qe6 27. Qg7+ Ke7 28. Rf2 Re2 29. Rdf1 Qe3+ 30. Kd1 Qd2# 0-1


[Site "https://www.chess.com"]

[Event "Titled Tuesday Blitz August 15 Early 2023"]
[White "Toktomushev, Teimur"]
[Black "Lana Rodriguez, David"]
[WhiteFideId "14176726"]
[BlackFideId "2270803"]
[WhiteElo "2462"]
[BlackElo "2616"]
[Result "0-1"]
[Round "11"]
[TimeControl "180+1"]
[Date "2023.08.15"]
[WhiteClock "0:00:00"]
[BlackClock "0:01:49"]
[Board "52"]

1. d4 e5 2. dxe5 d6 3. Nf3 Nc6 4. e4 Bg4 5. Bb5 dxe5 6. Qxd8+ Rxd8 7. Nc3 Bb4 8. Bg5 f6 9. Be3 Ne7 10. O-O Bxc3 11. bxc3 a6 12. Bc4 Na5 13. Bb3 Nxb3 14. axb3 Bxf3 15. gxf3 Kf7 16. f4 Ng6 17. fxe5 Nxe5 18. f4 Ng4 19. Bd4 Rhe8 20. h3 Nh6 21. Rfe1 Ng8 22. Kf2 Ne7 23. Kf3 g6 24. Rad1 Nc8 25. Bc5 b6 26. Ba3 Na7 27. c4 Nc6 28. c3 Na5 29. e5 Nxb3 30. e6+ Kg8 31. Rxd8 Rxd8 32. e7 Re8 33. Rd1 Na5 34. Rd7 Nxc4 35. Bb4 a5 36. Rxc7 axb4 37. Rxc4 bxc3 38. Rxc3 Kf7 39. Rc6 Rxe7 40. Rxb6 h5 41. Ra6 Rb7 42. Rc6 Rb3+ 43. Kg2 Re3 44. f5 g5 45. Rc7+ Re7 46. Rc6 Re5 47. Rc7+ Kg8 48. Kf3 Rxf5+ 49. Ke4 Re5+ 50. Kd4 Kf8 51. Rh7 h4 52. Ra7 Re7 53. Ra8+ Kf7 54. Rh8 Kg6 55. Rg8+ Kf5 56. Rf8 Re6 57. Kd5 Ra6 58. Re8 Kf4 59. Re1 Ra5+ 60. Ke6 Re5+ 61. Rxe5 fxe5 0-1


[Site "https://www.chess.com"]

[Event "Titled Tuesday Blitz August 15 Early 2023"]
[White "Vlassov, Nikolai"]
[Black "Yeritsyan, Hayk"]
[WhiteFideId "4103360"]
[BlackFideId "13307320"]
[WhiteElo "2616"]
[BlackElo "2461"]
[Result "0-1"]
[Round "11"]
[TimeControl "180+1"]
[Date "2023.08.15"]
[WhiteClock "0:00:02"]
[BlackClock "0:00:06"]
[Board "53"]

1. e4 c6 2. d4 d5 3. f3 e6 4. Nc3 Nf6 5. Be3 Be7 6. Qd2 O-O 7. e5 Nfd7 8. f4 c5 9. Nf3 Nc6 10. Bb5 cxd4 11. Nxd4 Nxd4 12. Bxd4 Bc5 13. O-O-O Bxd4 14. Qxd4 Qb6 15. Bxd7 Qxd4 16. Rxd4 Bxd7 17. Ne4 Bc6 18. Nd6 f6 19. Re1 Rad8 20. b3 fxe5 21. fxe5 Rf2 22. Rd2 Rdf8 23. Kd1 d4 24. Rxf2 Rxf2 25. Re2 Rxg2 26. Rxg2 Bxg2 27. Kd2 g5 28. Kd3 h5 29. Kxd4 Kg7 30. c4 Kg6 31. b4 h4 32. a4 g4 33. Ke3 Kg5 34. c5 Bd5 35. Kf2 Kf4 36. Nf7 g3+ 37. hxg3+ hxg3+ 38. Kg1 Ke4 39. Kg2 Kf4+ 40. Kg1 Ke3 41. Nd8 Kd4 42. a5 Kc4 43. a6 bxa6 44. c6 Bxc6 45. Nxc6 Kd5 46. Nxa7 Kxe5 47. Kg2 Kd6 48. Kxg3 Kc7 49. b5 a5 50. Nc6 a4 51. Nd4 Kb6 52. Kf4 a3 53. Ke5 a2 54. Nc2 Kxb5 55. Kxe6 Kc4 56. Ke5 Kc3 57. Ne3 a1=Q 58. Nd5+ Kc4+ 59. Kd6 Qa6+ 60. Ke5 Qb5 0-1


[Site "https://www.chess.com"]

[Event "Titled Tuesday Blitz August 15 Early 2023"]
[White "Herman, Daniel"]
[Black "Papayan, Oleg"]
[WhiteFideId "30935008"]
[BlackFideId "4193911"]
[WhiteElo "2460"]
[BlackElo "2613"]
[Result "0-1"]
[Round "11"]
[TimeControl "180+1"]
[Date "2023.08.15"]
[WhiteClock "0:00:07"]
[BlackClock "0:00:06"]
[Board "54"]

1. e4 d5 2. exd5 Qxd5 3. Nc3 Qd8 4. d4 c6 5. Bc4 Bf5 6. Qf3 e6 7. Nge2 Bxc2 8. Bf4 Nf6 9. Rc1 Bg6 10. h4 Bd6 11. h5 Bf5 12. h6 g6 13. Be5 Bxe5 14. dxe5 Ng4 15. Qf4 Nd7 16. f3 Ngxe5 17. g4 Bd3 18. Bb3 Qb6 19. Rd1 O-O-O 20. Nd4 Qxd4 21. Qxd4 Nxf3+ 22. Kf2 Nxd4 23. Rxd3 Nxb3 24. axb3 Ne5 25. Rxd8+ Rxd8 26. Ne4 Nxg4+ 27. Kf3 f5 28. Ng5 Rd3+ 29. Ke2 Rxb3 30. Nxh7 Rxb2+ 31. Kf3 a5 32. Ng5 Nxh6 33. Rxh6 a4 34. Rh4 b5 35. Nxe6 a3 36. Rh8+ Kd7 37. Nc5+ Kd6 38. Nb7+ Kc7 39. Nc5 a2 40. Ra8 Kb6 41. Nd3 Rc2 42. Nb4 Rc3+ 43. Kf4 Rc4+ 0-1


[Site "https://www.chess.com"]

[Event "Titled Tuesday Blitz August 15 Early 2023"]
[White "Vafin, Ayrat"]
[Black "Onufrienko, Vladislav"]
[WhiteFideId "4146530"]
[BlackFideId "13804332"]
[WhiteElo "2434"]
[BlackElo "2579"]
[Result "0-1"]
[Round "11"]
[TimeControl "180+1"]
[Date "2023.08.15"]
[WhiteClock "0:00:04"]
[BlackClock "0:00:06"]
[Board "55"]

1. Nf3 d5 2. g3 c6 3. Bg2 Bg4 4. O-O Nd7 5. d4 e6 6. Nbd2 f5 7. h3 Bh5 8. c4 Bd6 9. Qb3 Qb6 10. c5 Qxb3 11. axb3 Bc7 12. b4 a6 13. Nb3 Rb8 14. Bf4 Bxf4 15. gxf4 Ngf6 16. Na5 Kd8 17. e3 Kc7 18. Ne5 Rhg8 19. Kh2 h6 20. Rg1 g5 21. Nxd7 Kxd7 22. fxg5 hxg5 23. f3 Kc7 24. Kg3 Rbf8 25. Kf2 g4 26. hxg4 fxg4 27. f4 g3+ 28. Ke1 Ng4 29. Kd2 Nf2 30. Nb3 Ne4+ 31. Bxe4 dxe4 32. Rh1 g2 33. Rxh5 g1=Q 34. Rxg1 Rxg1 35. Re5 Kd7 36. Rxe4 Rfg8 37. Kc3 R8g2 38. Re5 Rb1 39. d5 exd5 40. Nd4 Rgxb2 41. Rh5 Rxb4 42. Rh7+ Ke8 43. f5 Rc4+ 44. Kd3 Rd1+ 45. Ke2 Rdxd4 46. exd4 Rxd4 47. Rxb7 Rc4 48. Kd3 Rxc5 49. Kd4 Rb5 50. Rc7 Rb6 51. Kc5 Rb1 52. Kd6 Rc1 53. f6 Kf8 54. Ke6 Re1+ 55. Kd6 d4 56. Rxc6 d3 57. Rc8+ Kf7 58. Rd8 d2 59. Kc5 d1=Q 60. Rxd1 Rxd1 61. Kb6 Rd6+ 62. Kc5 Rxf6 63. Kd5 Re6 64. Kc4 Rb6 0-1


[Site "https://www.chess.com"]

[Event "Titled Tuesday Blitz August 15 Early 2023"]
[White "Toncheva, Nadya"]
[Black "Vasques, Antonio Pedro Freixial"]
[WhiteFideId "2924056"]
[BlackFideId "1908332"]
[WhiteElo "2571"]
[BlackElo "2396"]
[Result "1-0"]
[Round "11"]
[TimeControl "180+1"]
[Date "2023.08.15"]
[WhiteClock "0:00:23"]
[BlackClock "0:00:04"]
[Board "56"]

1. e4 c5 2. Nf3 Nc6 3. c3 Nf6 4. e5 Nd5 5. Bc4 Nb6 6. Bb3 d5 7. exd6 exd6 8. O-O Be7 9. a4 O-O 10. a5 Nd7 11. a6 Nf6 12. d4 d5 13. Bg5 c4 14. Bc2 b5 15. Ne5 Nxe5 16. dxe5 Ng4 17. Bxe7 Qxe7 18. Qxd5 Qxe5 19. Qxe5 Nxe5 20. Re1 Re8 21. Nd2 Bd7 22. Ne4 Bc6 23. Nd6 Re6 24. Nf5 Rae8 25. Nd4 R6e7 26. h3 Bd7 27. Rad1 Ng6 28. Rxe7 Rxe7 29. Kf1 f6 30. Bf5 Kf7 31. Bxd7 Rxd7 32. Re1 Ne5 33. Nxb5 Rd2 34. Nxa7 Nd3 35. Ra1 Rxf2+ 36. Kg1 Rxb2 37. Nc6 Nf4 38. a7 Rxg2+ 39. Kf1 1-0


[Site "https://www.chess.com"]

[Event "Titled Tuesday Blitz August 15 Early 2023"]
[White "rionelG"]
[Black "Eynullayev, Altay"]
[BlackFideId "13413562"]
[WhiteElo "2367"]
[BlackElo "2562"]
[Result "1-0"]
[Round "11"]
[TimeControl "180+1"]
[Date "2023.08.15"]
[WhiteClock "0:00:17"]
[BlackClock "0:00:03"]
[Board "57"]

1. e4 c5 2. g3 d6 3. Bg2 g6 4. Ne2 Bg7 5. c3 e5 6. d4 Nc6 7. Be3 cxd4 8. cxd4 Nge7 9. Nbc3 O-O 10. O-O Bg4 11. f3 Bd7 12. h3 a6 13. f4 exd4 14. Nxd4 Rc8 15. Qd2 Na5 16. b3 Nec6 17. Rac1 Re8 18. Nd5 Be6 19. Nxe6 fxe6 20. Bb6 Qd7 21. Bxa5 exd5 22. Qxd5+ Kh8 23. Bc3 Qe6 24. Bxg7+ Kxg7 25. Rfd1 Qxd5 26. Rxd5 Re6 27. Rcd1 Rd8 28. e5 Kf7 29. exd6 Re2 30. R5d2 Re3 31. Kf2 Rc3 32. Bd5+ Kf6 33. Bxc6 Rxc6 34. d7 Ke7 35. h4 Rc5 36. Rd5 Rc2+ 37. R1d2 Rc6 38. h5 Rb6 39. hxg6 hxg6 40. Kf3 Rc6 41. Kg4 Rc3 42. R2d3 Rc6 43. Kg5 b5 44. g4 Rb6 45. Re5+ Kf7 46. f5 gxf5 47. Rxf5+ Ke7 48. Re5+ Kf7 49. Rf3+ Kg8 50. Re8+ 1-0


[Site "https://www.chess.com"]

[Event "Titled Tuesday Blitz August 15 Early 2023"]
[White "Gontcharov, Vladislav"]
[Black "Galchenko, Matvey"]
[WhiteFideId "4123492"]
[BlackFideId "24175480"]
[WhiteElo "2544"]
[BlackElo "2871"]
[Result "0-1"]
[Round "11"]
[TimeControl "180+1"]
[Date "2023.08.15"]
[WhiteClock "0:00:03"]
[BlackClock "0:00:26"]
[Board "58"]

1. d4 Nf6 2. c4 c5 3. d5 e6 4. Nc3 exd5 5. cxd5 d6 6. Nf3 g6 7. Bf4 Bg7 8. Qa4+ Bd7 9. Qb3 O-O 10. Bxd6 Ba4 11. Qxa4 Qxd6 12. Rd1 Nbd7 13. Qc2 a6 14. a4 c4 15. e3 b5 16. axb5 axb5 17. Nxb5 Qb4+ 18. Nc3 Ra2 19. Rd2 Ra1+ 20. Ke2 Nc5 21. g3 Nd3 22. Bg2 Rfa8 23. Rhd1 Ng4 24. Rxa1 Rxa1 25. Rd1 Ra8 26. Nd4 Ndxf2 27. Nc6 Qc5 28. Rd4 Bxd4 29. exd4 Re8+ 30. Kf1 Qd6 31. Qd2 Nd3 32. Bf3 Qf6 33. Kg2 Ne3+ 34. Qxe3 Rxe3 35. Ne5 Nxe5 36. dxe5 Qxf3+ 0-1


[Site "https://www.chess.com"]

[Event "Titled Tuesday Blitz August 15 Early 2023"]
[White "Grossboss19"]
[Black "Cherniaiev, Tykhon"]
[BlackFideId "14182360"]
[WhiteElo "2540"]
[BlackElo "2785"]
[Result "0-1"]
[Round "11"]
[TimeControl "180+1"]
[Date "2023.08.15"]
[WhiteClock "0:00:12"]
[BlackClock "0:00:22"]
[Board "59"]

1. d4 Nf6 2. c4 e6 3. Nc3 d5 4. cxd5 exd5 5. Bg5 Be7 6. e3 c6 7. Bd3 O-O 8. Qc2 h6 9. Bh4 Nh5 10. Bxe7 Qxe7 11. Nge2 a5 12. O-O Na6 13. a3 Nc7 14. Rae1 Re8 15. Nc1 Nf6 16. f3 c5 17. dxc5 Qxc5 18. Nb3 Qf8 19. Na4 Ne6 20. Nb6 Rb8 21. Bb5 Rd8 22. Rc1 Qd6 23. Na4 Bd7 24. Bxd7 Rxd7 25. Qd3 Re8 26. Rfe1 Rde7 27. Qb5 Nf8 28. Rcd1 Rxe3 29. Rxe3 Rxe3 30. Qxb7 Qe5 31. Nd2 Qd4 32. Kf1 Qxa4 33. Kf2 Qxd1 34. Kxe3 Qg1+ 35. Kd3 Qxg2 36. b4 axb4 37. axb4 Qxh2 38. b5 N8d7 39. b6 Nc5+ 40. Kd4 Nxb7 0-1


[Site "https://www.chess.com"]

[Event "Titled Tuesday Blitz August 15 Early 2023"]
[White "Ansh M Shah"]
[Black "Schmakel, Sam"]
[WhiteFideId "25033379"]
[BlackFideId "2039311"]
[WhiteElo "2536"]
[BlackElo "2743"]
[Result "0-1"]
[Round "11"]
[TimeControl "180+1"]
[Date "2023.08.15"]
[WhiteClock "0:01:56"]
[BlackClock "0:00:19"]
[Board "60"]

1. d4 f5 2. c4 Nf6 3. g3 g6 4. Bg2 Bg7 5. Nf3 O-O 6. O-O d6 7. b3 e5 8. dxe5 dxe5 9. Bb2 e4 10. Ng5 h6 11. Nh3 g5 12. f4 exf3 13. exf3 Nc6 14. f4 g4 15. Nf2 Be6 16. Nc3 Qe8 17. Re1 Qf7 18. Nd5 Rad8 19. Nxf6+ Bxf6 20. Qc2 Nb4 21. Qe2 Rfe8 22. Bxf6 Qxf6 23. Qe5 Qf7 24. Qc5 Nc2 25. Bxb7 Nxa1 26. Rxa1 Qe7 27. Qxe7 Rxe7 28. Re1 Kf7 29. Re5 c5 30. Rxc5 Rxb7 31. h3 gxh3 32. Nxh3 Rd2 33. Nf2 Rxa2 34. g4 fxg4 35. f5 Bd7 36. Nxg4 Rxb3 37. Nf2 Rb1+ 38. Kg2 Rbb2 39. Rc7 Rxf2+ 40. Kg3 Rfd2 41. c5 Rac2 42. c6 Rxc6 43. Rxa7 Kf6 44. Kh4 Rd4+ 45. Kh5 Be8+ 46. Kxh6 Rh4# 0-1


[Site "https://www.chess.com"]

[Event "Titled Tuesday Blitz August 15 Early 2023"]
[White "Alex_Sahakyan2006"]
[Black "Martinez Reyes, Pedro Ramon"]
[BlackFideId "3901807"]
[WhiteElo "2705"]
[BlackElo "2522"]
[Result "1-0"]
[Round "11"]
[TimeControl "180+1"]
[Date "2023.08.15"]
[WhiteClock "0:02:14"]
[BlackClock "0:00:11"]
[Board "61"]

1. e4 e6 2. d4 c5 3. d5 exd5 4. exd5 d6 5. Nc3 Nf6 6. Nf3 Be7 7. Bb5+ Nbd7 8. a4 O-O 9. O-O Ne8 10. Re1 a6 11. Bf1 Bf6 12. Ne4 Be7 13. Bf4 Ndf6 14. Nc3 Bg4 15. h3 Bh5 16. g4 Bg6 17. Nd2 Nd7 18. Nc4 f5 19. Qd2 fxg4 20. hxg4 Bh4 21. Re6 Ndf6 22. Bh3 Bf7 23. Rae1 Bxe6 24. dxe6 Nc7 25. e7 Qd7 26. exf8=Q+ Rxf8 27. Qxd6 Bxf2+ 28. Kxf2 Nxg4+ 29. Kg3 1-0


[Site "https://www.chess.com"]

[Event "Titled Tuesday Blitz August 15 Early 2023"]
[White "Starozhilov, Leonid"]
[Black "Camilla_Lee"]
[WhiteFideId "14106752"]
[WhiteElo "2678"]
[BlackElo "2517"]
[Result "1-0"]
[Round "11"]
[TimeControl "180+1"]
[Date "2023.08.15"]
[WhiteClock "0:00:09"]
[BlackClock "0:00:07"]
[Board "62"]

1. e4 e5 2. Nf3 Nc6 3. Bb5 f5 4. d3 fxe4 5. dxe4 Nf6 6. Qd3 Bc5 7. Bxc6 bxc6 8. O-O Qe7 9. a4 a5 10. Bg5 Ba6 11. c4 d6 12. Nbd2 Rb8 13. b3 O-O 14. h3 h6 15. Be3 Bb4 16. Nh4 Qe6 17. Nf5 Kh7 18. f3 Nd7 19. Qc2 d5 20. Kh1 d4 21. Bf2 Bxd2 22. Qxd2 Rxb3 23. Qxa5 Bxc4 24. Rfc1 Nb6 25. Qc5 Ra8 26. a5 Rb5 27. axb6 Rxc5 28. Rxa8 cxb6 29. Ra7 Ra5 30. Rxg7+ Kh8 31. Re7 Qg8 32. Nxh6 Qg6 33. Nf5 b5 34. Bg3 Kg8 35. Bxe5 Kf8 36. Bg7+ Kg8 37. Bh6 Bf7 38. Rc7 Ra6 39. Ne7+ Kh7 40. Nxg6 Kxg6 41. R7xc6+ Rxc6 42. Rxc6+ Kh5 43. Bd2 Bc4 44. g4+ Kh4 45. Kh2 1-0


[Site "https://www.chess.com"]